 Dungeon Crawl Stone Soup version 0.31-a0-876-gfe8ebadbca (webtiles) character file.

Game seed: 8026229787871764917

18 Pixllover the Digger (level 2, 0/22 HPs)
             Began as a Gargoyle Earth Elementalist on Oct 13, 2023.
             Slain by a hobgoblin (5 damage)
             ... led by Robin
             ... on level 2 of the Dungeon.
             The game lasted 00:01:49 (599 turns).

Pixllover the Digger (Gargoyle Earth Elementalist)   Turns: 599, Time: 00:01:49

Health: 0/22       AC:  4    Str: 11    XL:     2   Next: 70%
Magic:  2/5        EV: 12    Int: 15    God:
Gold:   87         SH:  0    Dex: 10    Spells: 4/5 levels left

rFire   . . .        f - staff of earth
rCold   . . .        (no shield)
rNeg    + . .        a - +0 robe
rPois   ∞            (no helmet)
rElec   +            (no cloak)
rCorr   .            (no gloves)
SInv    .            (no boots)
Will    .....        (no amulet) Stlth
                     (no ring)
HPRegen 0.23/turn    (no ring)
MPRegen 0.09/turn

%: no passive effects
@: berserking, very quick
A: sickness immunity, AC +2, negative energy resistance 1, electricity
resistance, torment resistance 1, petrification resistance
a: no special abilities


You were on level 2 of the Dungeon.
You visited 1 branch of the dungeon, and saw 2 of its levels.

You collected 87 gold pieces.

Inventory:

Missiles
 h - 3 poisoned darts (quivered)
 j - 6 javelins
Armour
 a - a +0 robe (worn)
Magical Staves
 f - a staff of earth (weapon)
Scrolls
 d - a scroll of blinking {unknown}
 e - a scroll of revelation
 g - a scroll of enchant weapon {unknown}
 k - a scroll of brand weapon {unknown}
Potions
 b - a potion of magic
 i - a potion of haste {unknown}


   Skills:
 + Level 1.6 Dodging
 + Level 2.4 Stealth
 + Level 2.1 Spellcasting
 + Level 0.7 Transmutations
 + Level 4.4 Earth Magic


You had 4 spell levels left.
You knew the following spells:

 Your Spells              Type           Power      Damage    Failure   Level
a - Sandblast             Erth           44%        2d11      3%          1

Your spell library contained the following spells:

 Spells                   Type           Power      Damage    Failure   Level
 Passwall                 Tmut/Erth      11%        N/A       12%         2
 Stone Arrow              Conj/Erth      24%        3d8       26%         3
 Petrify                  Tmut/Erth      14%        N/A       58%         4
 Brom's Barrelling Bould  Conj/Erth      12%        2d4       65%         4


Dungeon Overview and Level Annotations

Branches:
Dungeon (2/15)

Altars:

Annotations:
D:2 Robin


Innate Abilities, Weirdness & Mutations

You are immune to sickness and miasma.
Your stone body is resilient. (AC +2)
You are immune to poison.
You resist negative energy. (rN+)
You are resistant to electric shocks. (rElec)
You are resistant to unholy torment.
You are immune to petrification.


Message History

Casting: Sandblast (safe; 3% risk of failure)
Confirm with . or Enter, or press ? or * to list all spells.
Aiming: Sandblast (safe; 3% risk of failure)
Press: ? - help, Shift-Dir - straight line, f - goblin
Aim: a goblin, wielding a +0 club (79% to hit)
You feel a surge of power!
The blast of sand hits the goblin!
You kill the goblin!
The goblin shouts! x2
A goblin comes into view. It is wielding a +0 club.
Robin throws the goblin at you!
Casting: Sandblast (safe; 3% risk of failure)
Confirm with . or Enter, or press ? or * to list all spells.
Aiming: Sandblast (safe; 3% risk of failure)
Press: ? - help, Shift-Dir - straight line, f - goblin
Aim: a goblin, wielding a +0 club (79% to hit)
You feel a surge of power!
The blast of sand hits the goblin!
You kill the goblin!
Robin throws the goblin at you! The goblin completely misses you.
Robin throws the goblin at you!
A hobgoblin comes into view.
The goblin hits you with a +0 club.
Found a dragon-blood talisman.
The goblin barely misses you.
Robin roars a battlecry!
The goblins go into a battle-frenzy!
The goblin hits you with a +0 club.
Found 6 stones.
The goblin attacks as it pursues you! The goblin closely misses you.
The goblin hits you with a +0 club. The hobgoblin closely misses you.
Found 7 stones.
The hobgoblin attacks as it pursues you!
The hobgoblin hits you.
* * * LOW HITPOINT WARNING * * *
As you read the scroll labelled OJER WAIPSURR, it crumbles to dust.
You feel aware of your surroundings.
It was a scroll of revelation.
The goblin hits you but does no damage.
It was a potion of berserk rage.
A red film seems to cover your vision as you go berserk!
You feel yourself moving faster!
You feel mighty! The goblin closely misses you. The hobgoblin hits you.
You die...

,** **###....##g.##.*,,,,** *
,,** *.........#)....,,,,,,***
,,,** *.........#g..#.#,,,,.##.
,,,,*****.........#g..#.#,,,,...,
,,,,,,,,,(............#.#**##..#*
,,,,,,,,,........#g...#.# #...##
,,,,,,,,,........#g...#.# #..#..
,,,,,,,,,........gg...#.# #..#..
,,,,,,,,,..%....@gg)..#.####..#..
,,*,,,,,,.(.....g.J...........#..
,,*,*****...............###..##..
***,*,***####...#.......###.###..
***+*,,,,...+...+................
,*,,,,,,,####...#[....#..##.#####
,*,,,,,,,########.....#.....#
,,,,,,,,,.............#.##..#
,,,,,,,,,******##.....#.##.>#*


You could see Robin, an endoplasm, 4 hobgoblins and 3 goblins.

Vanquished Creatures
  2 endoplasms (D:1)
  2 giant cockroaches
  5 goblins
  2 hobgoblins
  A bat (D:1)
  2 frilled lizards (D:1)
  2 rats (D:1)
16 creatures vanquished.

Notes
Turn   | Place    | Note
-------+----------+-------------------------------------------
     0 | D:1      | Pixllover the Gargoyle Earth Elementalist began the quest
                  | for the Orb.
     0 | D:1      | Reached XP level 1. HP: 10/10 MP: 3/3
    13 | D:1      | Found a faded altar of an unknown god.
   202 | D:1      | Reached skill level 4 in Earth Magic
   308 | D:1      | Reached XP level 2. HP: 15/15 MP: 0/5
   588 | D:2      | Identified the +0 helmet "Beism" {Rampage rPois Will-
                  | Int+3}
   588 | D:2      | Noticed Robin
   599 | D:2      | Slain by a hobgoblin

Illustrated notes

Levels and vault maps discovered:
D:1:      dpeg_arrival_arbitrary_c, layout_basic, ebering_ecumenical_altar_rust
D:2:      layout_basic, minmay_worlds_worst_comb, uniq_robin

Skill      XL: |  1 |
---------------+----+-----
Earth Magic    | 4 |  4.4
Dodging        | |  1.6
Stealth        | |  2.4
Spellcasting   | |  2.1
Transmutations | |  0.7

Action                     || total
---------------------------++-------
  Melee: Staff             ||     2
   Cast: Sandblast         ||    17
    Use: Scroll            ||     1
         Potion            ||     1
 Armour: Robe              ||    10
  Dodge: Dodged            ||     7

Table legend: (Time is in decaauts)
 A = Elapsed time spent in this place.
 B = Non-inter-level travel time spent in this place.
 C = Inter-level travel time spent in this place.
 D = Time resting spent in this place.
 E = Time spent auto-exploring this place.
 F = Levels seen in this place.
 G = Mean time per level.
                   A        B        C        D        E       F      G
               +--------+--------+--------+--------+--------+-----+--------+
         Total |    607 |    603 |      4 |      0 |    433 |   2 |  303.5 |
       Dungeon |    607 |    603 |      4 |      0 |    433 |   2 |  303.5 |
               +--------+--------+--------+--------+--------+-----+--------+

Top non-repeatable levels by time:
     D:1: 553 daAuts
     D:2: 53 daAuts
